cohdb
Replays
Latest Replays
All Replays
Popular Replays
Top Player Replays
Match Explorer
How It Works
Community
CoH3 Stats
Reddit
Sign in to upload your games and track your stats! →
Sign in with Steam
Match 45609928
Unlisted
Match 45609928
Overview
Messages
Build Orders
End
Selects Airborne Battlegroup
Selects Heavy Machine Gun Paradrop
Heavy Machine Gun Paradrop
Construct Barracks
Riflemen Squad
Riflemen Squad
Infantry Support Center
Heavy Machine Gun Paradrop
Selects Paratrooper Squad Paradrop
Construct Medical Station
Construct Motor Pool
Marin
Number 60
Alloyzy Klex
SEPH
0
0
Comments
sign in to comment!
No comments posted yet!